 Dungeon Crawl Stone Soup version 0.18-a0-1471-gbbaf034 (webtiles) character file.

6022 MrRokkomies the Basher (level 10, -1/115 HPs)
             Began as an Ogre Hunter on Mar 2, 2016.
             Was a Priest of Dithmenos.
             Slain by Maud
             ... wielding a +2 glaive of protection
              (25 damage)
             ... on level 10 of the Dungeon.
             The game lasted 00:24:09 (10436 turns).

MrRokkomies the Basher (Ogre Hunter)               Turns: 10436, Time: 00:24:09

Health: -1/115     AC:  7    Str: 19    XL:     10   Next: 86%
Magic:  10/10      EV: 11    Int: 13    God:    Dithmenos [***...]
Gold:   695        SH:  0    Dex: 10    Spells: 2 memorised, 4 levels left

rFire  . . .     SeeInvis .     a - +1 giant spiked club
rCold  . . .     Gourm    .     v - +1 robe
rNeg   . . .     Faith    .     (shield currently unavailable)
rPois  .         Spirit   .     (helmet restricted)
rElec  .         Dismiss  .     J - +0 cloak
rCorr  .         Reflect  .     (gloves unavailable)
SustAt .         Harm     .     (boots unavailable)
MR     +....                    (no amulet)
Stlth  +.........               (no ring)
                                (no ring)

@: wreathed by umbra, somewhat resistant to hostile enchantments, very
unstealthy
A: unfitting armour, hooves 1, thin metallic scales 1, tough skin 1
a: Shadow Step, Renounce Religion


You were on level 10 of the Dungeon.
You worshipped Dithmenos.
Dithmenos was most pleased with you.
You were not hungry.

You visited 2 branches of the dungeon, and saw 11 of its levels.

You collected 695 gold pieces.

Inventory:

Hand Weapons
 a - a +1 giant spiked club (weapon)
 b - a +0 blowgun
 q - a +2 mace of protection
Missiles
 c - 5 large rocks
 d - 2 throwing nets
 g - 239 stones
 i - 4 javelins (quivered)
 x - 26 poisoned needles
Armour
 v - a +1 robe (worn)
 J - a +0 cloak (worn)
Wands
 p - a wand of iceblast (0/15)
 u - a wand of lightning (7/15)
 I - a wand of slowing (27/48)
 Q - a wand of enslavement (11/24)
 R - a wand of lightning (9/15)
Scrolls
 h - 5 scrolls of remove curse
 o - 2 scrolls of enchant armour
 r - 2 scrolls of amnesia
 C - 3 scrolls of teleportation
 F - 2 scrolls of silence
 G - a scroll of magic mapping
Potions
 e - a potion of haste
 j - 2 potions of curing
 l - 2 potions of flight
 n - a potion of magic
 t - a potion of brilliance {unknown}
 A - a potion of cancellation {unknown}
 E - 6 potions of heal wounds {unknown}
 H - a potion of lignification {unknown}
 K - a potion of invisibility
Books
 w - a Young Poisoner's Handbook

   Spells                             Type                      Level
   a - Sting                          Conjuration/Poison           1
   b - Cure Poison                    Poison                       2
   c - Mephitic Cloud                 Conjuration/Poison/Air       3
   d - Olgreb's Toxic Radiance        Poison                       4
   e - Venom Bolt                     Conjuration/Poison           5
 y - a book of the Earth

   Spells                             Type                      Level
   a - Leda's Liquefaction            Hexes/Earth                  4
   b - Bolt of Magma                  Conjuration/Fire/Earth       5
   c - Statue Form                    Transmutation/Earth          6
   d - Iron Shot                      Conjuration/Earth            6
   e - Shatter                        Earth                        9
Comestibles
 f - 8 bread rations
 k - a meat ration
 m - 5 beef jerkies
 z - a royal jelly
 D - 8 slices of pizza
 L - 3 fruits
 O - 2 chunks of flesh


   Skills:
 - Level 12.0 Fighting
 * Level 14.0 Maces & Flails
 - Level 4.0 Throwing
 * Level 4.8 Dodging
 - Level 0.7 Stealth
 - Level 3.0 Poison Magic


You had 4 spell levels left.
You knew the following spells:

 Your Spells              Type           Power        Failure   Level  Hunger
a - Cure Poison           Pois           #.........   14%         2    ###....
b - Mephitic Cloud        Conj/Pois/Air  #.......     65%         3    ####...


Dungeon Overview and Level Annotations

Branches:
Dungeon (10/15)            Temple (1/1) D:6            Lair (0/8) D:8
    Orc: D:9-12

Altars:
Ashenzari
Cheibriados
Dithmenos
Elyvilon
Fedhas
Gozag
Kikubaaqudgha
Makhleb
Nemelex Xobeh
Okawaru
Pakellas
Qazlal
Ru
Sif Muna
Trog
Vehumet
Xom
Yredelemnul
Zin
The Shining One

Annotations:
D:8 Duskembrace's ghost, novice TrEn
D:10 Maud


Innate Abilities, Weirdness & Mutations

You are too large for most types of armour.
You have tough skin (AC +1).
You have large cloven feet.
You are partially covered in thin metallic scales (AC +2).


Message History

Evoking this partially-identified wand wasted a few charges.
Evoke which item? (* to show all) (? for menu, Esc to quit)
Zapping:
p - a wand of iceblast {zapped: 8} (will waste charges)
Press: ? - help, Shift-Dir - straight line The mass of ice explodes!
The iceblast engulfs something.
Evoking this partially-identified wand wasted a few charges.
Read which item? (? for menu, Esc to quit)
As you read the scroll of fog, it crumbles to dust.
The scroll dissolves into smoke.
Wield which item (- for none, * to show all)? (? for menu, Esc to quit)
a - a +1 giant spiked club (weapon)
Something hits you!!
You barely miss something. Your kick misses something. Something hits you.
You completely miss something. You kick something. Something hits you!
You impale something!! Your kick misses something. Something hits you.
You closely miss something. You kick something. Something hits you!!
You closely miss something. Your kick misses something. Something hits you!!
* * * LOW HITPOINT WARNING * * *
You hit something but do no damage. You kick something. Something hits you!!
You die...

####....### #.#
#.....###.# ##.#
#.......#.####..######
###.....#............#
.#....#..#.####.#####.#
.#....###..# #§§#
....###....# ##§#
..#...###.## #§#
......###.# #@#
........[.# #{#
......###.......§§
.....## #.######.#
....## #.# #.# ....#
#.# #(# ....# #.# #.#
<#### #.# [# ..


There were no monsters in sight!

Vanquished Creatures
  An unseen horror (D:10)
  A two-headed ogre (D:8)
  2 wyverns
  A yak (D:7)
  A human (D:7)
  2 hogs (D:7)
  A hippogriff (D:8)
  A hungry ghost (D:9)
  Duvessa (D:4)
  A water moccasin (D:7)
  4 orc warriors
  2 ice beasts
  A sky beast (D:6)
  A wasp (D:9)
  2 ogres
  A phantom (D:5)
  A black bear (D:8)
  A crocodile (D:9)
  4 centaurs
  The ghost of Yendor the Stinger, an amateur OpVM (D:3)
  2 gnoll sergeants
  Dowan (D:4)
  5 scorpions
  A water moccasin skeleton (D:6)
  4 wights (D:6)
  A howler monkey (D:5)
  2 crimson imps
  2 centaur zombies (D:7)
  11 hounds
  10 orc wizards
  3 jellies
  A gnoll shaman (D:5)
  8 orc priests
  Ijyb (D:3)
  An iguana (D:5)
  6 worker ants
  3 sheep (D:7)
  A worker ant zombie (D:5)
  10 gnolls
  11 adders
  A howler monkey skeleton (D:7)
  5 shadow imps
  An adder skeleton (D:6)
  An adder zombie (D:9)
  4 worms
  7 giant geckos
  34 orcs
  8 bats
  8 giant cockroaches
  3 goblins
  11 hobgoblins
  6 jackals
  A ball python (D:2)
  A giant gecko skeleton (D:5)
  2 giant newts (D:3)
  20 kobolds
  5 rats
232 creatures vanquished.

Notes
Turn   | Place    | Note
--------------------------------------------------------------
     0 | D:1      | MrRokkomies the Ogre Hunter began the quest for the Orb.
     0 | D:1      | Reached XP level 1. HP: 22/22 MP: 1/1
    83 | D:1      | Reached skill level 1 in Maces & Flails
   114 | D:1      | Reached XP level 2. HP: 24/31 MP: 2/2
   443 | D:1      | Reached skill level 2 in Maces & Flails
   443 | D:1      | Reached XP level 3. HP: 37/39 MP: 3/3
  1555 | D:3      | Noticed Yendor's ghost (amateur OpVM)
  1555 | D:3      | Noticed Ijyb
  1593 | D:3      | Found a stormy altar of Qazlal.
  1692 | D:3      | Reached skill level 3 in Maces & Flails
  1692 | D:3      | Reached XP level 4. HP: 36/49 MP: 4/4
  1706 | D:3      | Killed Ijyb
  1869 | D:3      | Reached skill level 5 in Fighting
  1885 | D:3      | Reached XP level 5. HP: 49/57 MP: 5/5
  1910 | D:3      | Killed Yendor's ghost
  1910 | D:3      | Reached skill level 4 in Maces & Flails
  1938 | D:3      | Found a snail-covered altar of Cheibriados.
  1947 | D:3      | Found a sacrificial altar of Ru.
  2092 | D:3      | Reached skill level 5 in Maces & Flails
  2092 | D:3      | Reached XP level 6. HP: 64/67 MP: 6/6
  2427 | D:4      | Noticed Duvessa
  2427 | D:4      | Noticed Dowan
  2437 | D:4      | Killed Duvessa
  2437 | D:4      | Reached skill level 6 in Maces & Flails
  2456 | D:4      | Killed Dowan
  2456 | D:4      | Reached XP level 7. HP: 42/78 MP: 7/7
  2692 | D:4      | Reached skill level 7 in Maces & Flails
  3100 | D:5      | Entered Level 5 of the Dungeon
  3213 | D:5      | Reached skill level 8 in Maces & Flails
  3213 | D:5      | Reached XP level 8. HP: 50/89 MP: 8/8
  3793 | D:5      | Got a fabulously ornate robe
  3804 | D:5      | Identified the +2 robe "Pyfriol" {rF- rCorr Str+4 Dex+2} (You found it on level 5 of the Dungeon)
  3921 | D:5      | Reached skill level 9 in Maces & Flails
  4092 | D:6      | Found a staircase to the Ecumenical Temple.
  4103 | Temple   | Entered the Ecumenical Temple
  4494 | D:6      | Reached skill level 10 in Fighting
  4668 | D:5      | Reached skill level 10 in Maces & Flails
  4985 | D:6      | Reached XP level 9. HP: 84/102 MP: 9/9
  5539 | D:7      | Found a bloodstained altar of Trog.
  5540 | D:7      | Found a burning altar of Makhleb.
  5542 | D:7      | Found a shimmering altar of Xom.
  5543 | D:7      | Found a shadowy altar of Dithmenos.
  5551 | D:7      | Became a worshipper of Dithmenos the Shadowed
  5783 | D:7      | Found a white marble altar of Elyvilon.
  5909 | D:7      | Reached skill level 11 in Maces & Flails
  6269 | D:7      | Found a bloodstained altar of Trog.
  6793 | D:8      | Reached * piety under Dithmenos
  6845 | D:8      | Found a staircase to the Lair.
  7038 | D:8      | Reached skill level 12 in Maces & Flails
  7184 | D:8      | Noticed Duskembrace's ghost (novice TrEn)
  7260 | D:8      | Noticed a two-headed ogre
  7478 | D:8      | Killed a two-headed ogre
  7478 | D:8      | Reached XP level 10. HP: 97/115 MP: 10/10
  7609 | D:8      | Learned a level 2 spell: Cure Poison
  7613 | D:8      | Learned a level 3 spell: Mephitic Cloud
  8113 | D:6      | Reached skill level 1 in Poison Magic
  8136 | D:6      | Reached skill level 13 in Maces & Flails
  8486 | D:6      | Reached ** piety under Dithmenos
  9885 | D:10     | Entered Level 10 of the Dungeon
  9889 | D:10     | Reached *** piety under Dithmenos
  9900 | D:10     | Killed an unseen horror
  9913 | D:9      | Reached skill level 14 in Maces & Flails
 10340 | D:10     | Gained mutation: You have large cloven feet. [potion of beneficial mutation]
 10389 | D:10     | Gained mutation: You are partially covered in thin metallic scales (AC +2). [potion of beneficial mutation]
 10422 | D:10     | Noticed Maud
 10436 | D:10     | Slain by Maud

Vault maps used:
D:1:      lemuel_arrival_river_bridge
D:3:      gammafunk_temple_overflow_forgotten, minmay_misc_feat_enclosed,
          minmay_misc_feat_pillars, minmay_cut_off, uniq_iyjb
D:4:      first_bread, uniq_duvessa
D:6:      kennysheep_housing_project, minmay_temple_entry_mist
D:7:      elyvilon_altar_5, grunt_temple_overflow_open, grunt_livestock,
          trog_butcher_becter
D:8:      lair_0_dummy
D:10:     hangedman_decor_push, minmay_rotating_lava, uniq_urug, uniq_maud
Temple:   nicolae_temple_x_marks_the_god

Skill      XL: |  1  2  3  4  5  6  7  8  9 10 |
---------------+-------------------------------+-----
Fighting       | 3 4 5 6 7 8 10 12 | 12.0
Maces & Flails | 1 2 3 5 6 8 10 12 14 | 14.0
Dodging        | 3 4 |  4.8
Poison Magic   | 3 |  3.0
Throwing       | |  4.0
Stealth        | |  0.7

Action                   |  1- 3 |  4- 6 |  7- 9 | 10-12 || total
-------------------------+-------+-------+-------+-------++-------
Melee: Mace              |    83 |   100 |   274 |     2 ||   459
       Short sword       |     8 |       |       |       ||     8
       Dire flail        |       |       |    55 |       ||    55
       Morningstar       |       |       |    41 |       ||    41
       Giant spiked club |       |       |       |   234 ||   234
 Fire: Blowgun           |       |       |    14 |    18 ||    32
Throw: Javelin           |     5 |    31 |    29 |    17 ||    82
       Large rock        |     2 |     4 |     5 |       ||    11
 Cast: Cure Poison       |       |       |       |     1 ||     1
Evoke: Wand              |       |       |       |     4 ||     4
  Use: Scroll            |     2 |     4 |     6 |     6 ||    18
       Potion            |       |     1 |     2 |     2 ||     5
 Stab: Sleeping          |       |       |     1 |     1 ||     2
  Eat: Chunk             |     2 |     3 |     6 |    11 ||    22
       Meat ration       |       |       |     2 |       ||     2
